 Dungeon Crawl Stone Soup version 0.29.0-15-g675c0067aa (webtiles) character file.

Game seed: 12564902237031080708

122601 qw the Severer (level 16, -22/107 HPs)
             Began as a Gargoyle Fighter on Sept 12, 2022.
             Was a High Priest of Okawaru.
             Killed from afar by Nikola (68 damage)
             ... with an arc of chain lightning
             ... on level 1 of the Snake Pit.
             The game lasted 00:10:50 (28235 turns).

qw the Severer (Gargoyle Fighter)                  Turns: 28235, Time: 00:10:51

Health: -22/107    AC: 37    Str: 30    XL:     16   Next: 88%
Magic:  18/23      EV: 10    Int: 10    God:    Okawaru [*****.]
Gold:   1384       SH: 19    Dex:  9    Spells: 15/15 levels left

rFire   . . .      SeeInvis +   o - +7 war axe (spect)
rCold   + + .      Faith    .   q - +0 kite shield
rNeg    + . .      Spirit   .   A - +1 plate armour {rC+}
rPois   inf        Reflect  +   z - +2 hat {Will+}
rElec   +          Harm     .   l - scarf {repulsion}
rCorr   .          Rampage  .   x - -1 pair of gloves of the Watchman {Drain Str+3 SInv Stlth+}
Will    ++...                   g - +2 pair of boots
Stlth   ..........              B - amulet of reflection
HPRegen 0.27/turn               m - ring of Tuzuudgh {rElec rC+ Slay+4}
MPRegen 0.18/turn               h - +4 ring of slaying {mikee}

@: heroic, finesse-ful, flying, repel missiles
A: sickness immunity, AC +12, big wings, negative energy resistance 1,
electricity resistance, torment resistance 1, petrification resistance
a: Renounce Religion, Heroism, Finesse, Duel


You were on level 1 of the Snake Pit.
You worshipped Okawaru.
Okawaru was extremely pleased with you.
You visited 5 branches of the dungeon, and saw 24 of its levels.
You also visited: Gauntlet.

You collected 3292 gold pieces.
You spent 1908 gold pieces at shops.


Innate Abilities, Weirdness & Mutations

You are immune to sickness and miasma.
Your stone body is resilient. (AC +12)
You are immune to poison.
Your large and strong wings let you fly.
You resist negative energy. (rN+)
You are resistant to electric shocks. (rElec)
You are resistant to unholy torment.
You are immune to petrification.


   Skills:
 + Level 14.3(19.3) Fighting
 - Level 16.0(21.0) Axes
 - Level 8.0(13.0) Throwing
 - Level 13.0(18.0) Armour
 - Level 3.2(8.2) Dodging
 - Level 14.0(19.0) Shields
 - Level 10.0 Invocations


You had 15 spell levels left.
You didn't know any spells.
Your spell library was empty.

Inventory:

Hand Weapons
 o - a +7 spectral war axe (weapon)
 D - a +0 hand axe of flaming
Missiles
 r - 10 boomerangs
 H - 3 silver javelins (quivered)
Armour
 g - a +2 pair of boots (worn)
 l - a scarf of repulsion (worn)
 p - +0 fire dragon scales
 q - a +0 kite shield (worn)
 t - a +2 pair of gloves of strength
 u - the +0 chain mail "Teefiyqi" {rN+ Regen+ rCorr}
   (You found it on level 14 of the Dungeon)

   rN:        It protects you from negative energy.
   Regen:     It increases your rate of health regeneration.
   rCorr:     It protects you from acid and corrosion.
 x - the -1 pair of gloves of the Watchman (worn) {Drain Str+3 SInv Stlth+}
   (You found it on level 14 of the Dungeon)

   Str:       It affects your strength (+3).
   SInv:      It lets you see invisible.
   Drain:     It drains your maximum health when unequipped.
   Stlth:     It makes you more stealthy.
 z - a +2 hat of willpower (worn)
 A - a +1 plate armour of cold resistance (worn)
 E - +1 ice dragon scales
 F - a +1 cloak
Jewellery
 h - a +4 ring of slaying (right hand) {mikee}
 m - the ring of Tuzuudgh (left hand) {rElec rC+ Slay+4}
   (You found it on level 5 of the Lair of Beasts)

   [ring of slaying]

   Slay:      It affects your accuracy & damage with ranged weapons and melee
   (+4).
   rC:        It protects you from cold.
   rElec:     It insulates you from electricity.
 v - a ring of protection from fire
 B - an amulet of reflection (around neck)
 G - a ring of ice
 Y - a ring of protection from fire
Scrolls
 k - 24 scrolls of identify
 w - 2 scrolls of blinking
 y - 2 scrolls of teleportation
Potions
 a - 3 potions of mutation
 c - 6 potions of haste
 d - 11 potions of might
 e - 5 potions of lignification
 f - 5 potions of heal wounds
 j - 19 potions of curing
 n - 6 potions of attraction
 s - a potion of cancellation
 C - a potion of resistance

Dungeon Overview and Level Annotations

Branches:
Dungeon (15/15)            Temple (1/1) D:4            Lair (5/5) D:10
 Shoals (0/4) Lair:2        Snake (1/4) Lair:2        Slime (0/5) Lair:5
    Orc (2/2) D:11            Elf (0/3) Orc:2        Vaults (0/5) D:13
 Depths (0/4) D:15        Gauntlet (visited)

Altars:
Ashenzari
Cheibriados
Dithmenos
Elyvilon
Fedhas
Gozag
Hepliaklqana
Kikubaaqudgha
Makhleb
Nemelex Xobeh
Okawaru
Qazlal
Ru
Sif Muna
Trog
Uskayaw
Vehumet
Wu Jian
Xom
Yredelemnul
Zin
The Shining One
Jiyva

Shops:
D:1 =   D:11 ?   Orc:2 *([:   Snake:1 (*[

Portals:
Trove: D:12 (give +3 storm dragon scales)

Annotations:
D:7 2 transporters, qw's ghost, novice MiBe
Snake:1 Nikola


Message History

You closely miss Nikola.
Nikola is lightly wounded.
Your +7 spectral war axe hits Nikola!!
Nikola gestures at you while chanting. The bolt of lightning hits you!
You resist.
You slice Nikola!!
Nikola is moderately wounded.
Your +7 spectral war axe closely misses Nikola.
You slice Nikola!!
Nikola is heavily wounded.
Your +7 spectral war axe hits Nikola.
You slice Nikola!!
Nikola is heavily wounded.
Your +7 spectral war axe barely misses Nikola.
You block Nikola's attack.
You slash Nikola!
Nikola is severely wounded.
Your +7 spectral war axe closely misses Nikola.
You slash Nikola!
Nikola is severely wounded.
You barely miss the black mamba.
Your +7 spectral war axe hits the black mamba!!
Nikola casts a spell.
Nikola blinks!
You closely miss the black mamba.
The black mamba is heavily wounded.
Your +7 spectral war axe hits the black mamba!
The black mamba bites you.
You slice the black mamba!!
You kill the black mamba!
Okawaru accepts your kill. You block Nikola's attack.
You barely miss Nikola.
Nikola is severely wounded.
Your +7 spectral war axe closely misses Nikola.
Nikola casts a spell.
Lightning arcs from Nikola's hands!
The bolt of lightning hits you!!! You resist.
Ouch! That really hurt!
You die...

###.......... .....## ...
#............ ....... ..
##........###. .......
#....#..####.. ##.......
##...##.## #..##........
#....##.#####............
##...###.....##.........# #..###
##.....##....>..... #.##
##..>..##@...###.###
..######.....##@(####.....##
.##........###..####.......##
.#......####.....##.........##
.......###......##...........##
............###.#....#...#....###
######.....####.#............)#..
.....#.....# #......\..#..\:.)%..
.>.\.#....## #..#.............#..


You could see Nikola and a friendly +7 spectral war axe (summoned).

Vanquished Creatures
  Jorgrun (Snake:1)
  Gastronok (D:12)
  Kirke (D:15)
  An orc warlord (Orc:2)
  A stone giant (D:15)
  Nessos (D:15)
  A minotaur (Gauntlet)
  A green death (Gauntlet)
  2 ettins
  2 yaktaur captains (D:15)
  3 vault guards (D:13)
  5 hydras
  A catoblepas (Lair:4)
  5 two-headed ogres
  9 boulder beetles
  An anaconda (Snake:1)
  8 centaur warriors
  A death knight (D:14)
  4 tengu warriors
  11 death yaks
  Urug (Lair:4)
  3 orc high priests (Orc:2)
  A shock serpent (Snake:1)
  A fire crab (Gauntlet)
  3 skeletal warriors (D:14)
  A spectral anaconda (Lair:5)
  A flayed ghost (D:14)
  A naga ritualist (Snake:1)
  2 wizards (D:13)
  An obsidian statue (Lair:5)
  A lindwurm (Lair:2)
  4 orc knights
  6 necromancers
  3 deep elf pyromancers
  3 mana vipers (Snake:1)
  14 ugly things
  A wolf spider (D:14)
  5 cyclopes
  A manticore (shapeshifter) (D:14)
  A faun (D:12)
  5 manticores
  4 orc sorcerers
  2 orange demons (Gauntlet)
  7 black mambas
  A gargoyle (D:12)
  An unseen horror (D:10)
  24 elephants
  17 cane toads
  7 rime drakes
  11 komodo dragons
  A kobold demonologist (D:12)
  A freezing wraith (D:15)
  5 trolls
  2 tengu conjurers
  A guardian mummy (D:12)
  A meliai (Lair:3)
  A wind drake (Lair:2)
  2 polar bears (shapeshifter)
  2 queen bees
  A spectral elephant (Lair:5)
  7 slime creatures
  A hornet (D:9)
  4 polar bears
  9 blink frogs
  16 dream sheep
  A centaur simulacrum (D:15)
  A water elemental (D:14)
  3 wraiths
  2 hogs (D:15)
  3 fire bats (Gauntlet)
  38 yaks
  3 basilisks
  23 humans
  7 wyverns
  7 vampire mosquitoes
  3 death yak simulacra (Lair:5)
  17 water moccasins
  6 wargs
  3 spectral cane toads (Lair:5)
  An acid dragon (D:14)
  4 nagas (Snake:1)
  2 hell hounds (Gauntlet)
  4 black bears
  An ice beast (D:8)
  28 orc warriors
  6 wolves
  4 sky beasts
  9 ogres
  17 centaurs
  A phantom (D:6)
  An elephant skeleton (Lair:5)
  3 kobold brigands (D:10)
  8 bullfrogs
  2 scorpions
  5 cane toad simulacra
  A gnoll sergeant (D:9)
  A two-headed ogre simulacrum (D:13)
  8 wights (D:7)
  2 elephant simulacra (Lair:5)
  50 killer bees
  A howler monkey (D:14)
  A vampire bat (D:5)
  An electric eel (D:10)
  4 hounds
  17 orc priests
  3 jellies
  An iguana (D:5)
  22 orc wizards
  A polar bear simulacrum (D:13)
  4 hell rats (Lair:3)
  2 wolf simulacra (D:13)
  12 gnolls
  4 adders
  2 naga simulacra (D:13)
  9 river rats (Lair:3)
  2 shadow imps
  3 ufetubi
  2 worms
  3 dart slugs
  63 orcs
  15 bats
  7 endoplasms
  3 giant cockroaches
  8 hobgoblins
  6 jackals (D:3)
  16 kobolds
  3 quokkas
  2 frilled lizards (D:1)
  4 goblins
  5 rats
748 creatures vanquished.

Vanquished Creatures (others)
  An unseen horror (shapeshifter) (D:14)
  45 fungi
  72 plants
  23 withered plants (Lair:5)
141 creatures vanquished.

Grand Total: 889 creatures vanquished

Notes
Turn   | Place    | Note
-------+----------+-------------------------------------------
     0 | D:1      | qw the Gargoyle Fighter began the quest for the Orb.
     0 | D:1      | Reached XP level 1. HP: 14/14 MP: 1/1
     0 | D:1      | 0 ||| qw: Version: 0.1-a-119-g272c26d
     0 | D:1      | 0 ||| qw: Game counter: 10854
     0 | D:1      | 0 ||| qw: Always use a shield: true
     0 | D:1      | 0 ||| qw: God list: Okawaru
     0 | D:1      | 0 ||| qw: Allow faded altars: false
     0 | D:1      | 0 ||| qw: Do Orc after D:15 true
     0 | D:1      | 0 ||| qw: Do second Lair branch before Depths: true
     0 | D:1      | 0 ||| qw: Lair rune preference: random
     0 | D:1      | 0 ||| qw: Plans: Normal, Zot, God:TSO, Crypt, Tomb, Pan,
                  | Slime, Hells, Zig, Abyss, Orb
     0 | D:1      | 0 ||| PLANNING D:1-11
    28 | D:1      | Reached skill level 2 in Axes
    83 | D:1      | 83 ||| Stepping ~*~*~tactically~*~*~ (stealth).
   275 | D:1      | 275 ||| Stepping ~*~*~tactically~*~*~ (stealth).
   281 | D:1      | Reached XP level 2. HP: 18/19 MP: 2/2
   301 | D:1      | Found Peiprurgh's Jewellery Shoppe.
   310 | D:1      | 310 ||| SHOPLISTING +4 ring of protection (468 gold, have
                  | 21).
   310 | D:1      | 310 ||| SHOPLISTING +4 ring of slaying (1014 gold, have
                  | 21).
   310 | D:1      | 310 ||| SHOPLISTING ring "Uzeiphusu" {rC+ Str+4 Int-5 SInv
                  | Stlth+} (479 gold, have 21).
   310 | D:1      | 310 ||| SHOPLISTING ring of ice (325 gold, have 21).
   310 | D:1      | 310 ||| SHOPLISTING ring of resist corrosion (260 gold,
                  | have 21).
   716 | D:1      | 716 ||| UPGRADING to +0 pair of boots.
   721 | D:1      | 721 ||| UPGRADING to +0 chain mail.
   731 | D:1      | 731 ||| DROPPING +0 scale mail.
   732 | D:1      | 732 ||| Stepping randomly (stuck).
   738 | D:1      | 738 ||| Stepping randomly (stuck).
   844 | D:2      | 844 ||| Stepping ~*~*~tactically~*~*~ (hiding).
   846 | D:2      | Reached skill level 3 in Axes
   846 | D:2      | Reached XP level 3. HP: 23/23 MP: 3/3
   851 | D:2      | HP: 1/23 [gnoll/+0 halberd (7)]
   858 | D:2      | Reached XP level 4. HP: 2/28 MP: 4/4
  1139 | D:2      | 1139 ||| DROPPING +0 whip.
  1198 | D:2      | 1198 ||| Stepping ~*~*~tactically~*~*~ (hiding).
  1494 | D:2      | Found a faded altar of an unknown god.
  1756 | D:2      | 1756 ||| UPGRADING to +2 pair of gloves.
  1761 | D:2      | 1761 ||| READING scroll labelled QIOCVOE CIECS.
  1762 | D:2      | 1762 ||| READING 2 scrolls labelled ASEF XEUDIFIO.
  1763 | D:2      | 1763 ||| READING scroll labelled DESEAT QIYNAL.
  1764 | D:2      | 1764 ||| READING scroll labelled LIPO RAETO.
  1765 | D:2      | 1765 ||| DRINKING 2 golden potions.
  1766 | D:2      | 1766 ||| DRINKING 2 sedimented grey potions.
  1767 | D:2      | 1767 ||| DROPPING potion of brilliance.
  1808 | D:3      | Found an opulent altar of Gozag.
  1838 | D:3      | Reached skill level 4 in Axes
  2099 | D:3      | 2099 ||| READING scroll labelled XOTZUH MUBE.
  2100 | D:3      | 2100 ||| READING 2 scrolls of identify.
  2100 | D:3      | 2100 ||| IDENTIFYING glowing clear potion
  2101 | D:3      | 2101 ||| Stepping randomly (stuck).
  2103 | D:3      | 2103 ||| Stepping randomly (stuck).
  2105 | D:3      | 2105 ||| Stepping randomly (stuck).
  2106 | D:3      | 2106 ||| Stepping randomly (stuck).
  2108 | D:3      | 2108 ||| Stepping randomly (stuck).
  2109 | D:3      | 2109 ||| Stepping randomly (stuck).
  2110 | D:3      | 2110 ||| Stepping randomly (stuck).
  2111 | D:3      | 2111 ||| Stepping randomly (stuck).
  2112 | D:3      | 2112 ||| Stepping randomly (stuck).
  2113 | D:3      | 2113 ||| Stepping randomly (stuck).
  2114 | D:3      | 2114 ||| Stepping randomly (stuck).
  2115 | D:3      | 2115 ||| Stepping randomly (stuck).
  2116 | D:3      | 2116 ||| Stepping randomly (stuck).
  2117 | D:3      | 2117 ||| Stepping randomly (stuck).
  2118 | D:3      | 2118 ||| Stepping randomly (stuck).
  2119 | D:3      | 2119 ||| Stepping randomly (stuck).
  2120 | D:3      | 2120 ||| Stepping randomly (stuck).
  2121 | D:3      | 2121 ||| Stepping randomly (stuck).
  2122 | D:3      | 2122 ||| Stepping randomly (stuck).
  2123 | D:3      | 2123 ||| Stepping randomly (stuck).
  2124 | D:3      | 2124 ||| Stepping randomly (stuck).
  2125 | D:3      | 2125 ||| Stepping randomly (stuck).
  2126 | D:3      | 2126 ||| Stepping randomly (stuck).
  2127 | D:3      | 2127 ||| Stepping randomly (stuck).
  2128 | D:3      | 2128 ||| Stepping randomly (stuck).
  2129 | D:3      | 2129 ||| Stepping randomly (stuck).
  2130 | D:3      | 2130 ||| Stepping randomly (stuck).
  2131 | D:3      | 2131 ||| Stepping randomly (stuck).
  2132 | D:3      | 2132 ||| Stepping randomly (stuck).
  2133 | D:3      | 2133 ||| Stepping randomly (stuck).
  2134 | D:3      | 2134 ||| Stepping randomly (stuck).
  2136 | D:3      | 2136 ||| Stepping randomly (stuck).
  2137 | D:3      | 2137 ||| Stepping randomly (stuck).
  2138 | D:3      | 2138 ||| Stepping randomly (stuck).
  2139 | D:3      | 2139 ||| Stepping randomly (stuck).
  2326 | D:3      | 2326 ||| READING scroll labelled BYWNAEQUUB.
  2327 | D:3      | 2327 ||| READING 2 scrolls of identify.
  2327 | D:3      | 2327 ||| IDENTIFYING yellow potion
  2328 | D:3      | 2328 ||| DROPPING potion of flight.
  2355 | D:4      | 2355 ||| STAIRDANCE
  2362 | D:4      | 2362 ||| STAIRDANCE
  2365 | D:3      | Reached XP level 5. HP: 32/32 MP: 5/5
  2737 | D:4      | 2737 ||| Stepping ~*~*~tactically~*~*~ (stealth).
  2738 | D:4      | 2738 ||| Stepping ~*~*~tactically~*~*~ (stealth).
  2739 | D:4      | 2739 ||| Stepping ~*~*~tactically~*~*~ (stealth).
  2740 | D:4      | 2740 ||| Stepping ~*~*~tactically~*~*~ (stealth).
  2741 | D:4      | 2741 ||| Stepping ~*~*~tactically~*~*~ (stealth).
  2813 | D:4      | Reached skill level 5 in Axes
  2882 | D:4      | Found a staircase to the Ecumenical Temple.
  2883 | D:4      | 2883 ||| PLANNING TEMPLE
  2883 | D:4      | 2883 ||| UPGRADING to +0 plate armour.
  2893 | D:4      | 2893 ||| DROPPING +0 chain mail.
  2894 | D:4      | 2894 ||| UPGRADING to scarf of repulsion.
  2899 | D:4      | 2899 ||| READING scroll labelled KUSIMO AR AFEE.
  2900 | D:4      | 2900 ||| DRINKING 2 fizzy clear potions.
  2905 | Temple   | Entered the Ecumenical Temple
  3073 | Temple   | 3073 ||| PLANNING D:1-11
  3122 | D:5      | Entered Level 5 of the Dungeon
  3209 | D:5      | Noticed an ogre
  3217 | D:5      | Killed an ogre
  3218 | D:5      | Reached XP level 6. HP: 19/39 MP: 6/6
  3220 | D:5      | 3220 ||| Stepping ~*~*~tactically~*~*~ (stealth).
  3245 | D:5      | 3245 ||| FLEEEEING.
  3246 | D:5      | 3246 ||| FLEEEEING.
  3402 | D:5      | 3402 ||| Stepping ~*~*~tactically~*~*~ (stealth).
  3531 | D:5      | Noticed a black bear
  3534 | D:5      | Killed a black bear
  3619 | D:5      | Reached skill level 6 in Axes
  3619 | D:5      | Reached XP level 7. HP: 44/44 MP: 7/7
  3854 | D:5      | Found a radiant altar of Vehumet.
  3864 | D:5      | Found a glowing silver altar of Zin.
  4369 | D:5      | 4369 ||| READING scroll labelled ETUNOS YSTOUG.
  4370 | D:5      | 4370 ||| READING scroll labelled KOMOURHATAF.
  4373 | D:5      | 4373 ||| READING scroll labelled NOUZUH LUUKH.
  4433 | D:5      | 4433 ||| DRINKING 2 lumpy blue potions.
  4456 | D:5      | 4456 ||| READING 3 scrolls of identify.
  4456 | D:5      | 4456 ||| IDENTIFYING fizzy black potion
  4457 | D:5      | 4457 ||| READING 2 scrolls of identify.
  4457 | D:5      | 4457 ||| IDENTIFYING inky potion
  4458 | D:5      | 4458 ||| DROPPING potion of magic.
  4576 | D:6      | Reached skill level 7 in Axes
  4598 | D:6      | 4598 ||| Stepping ~*~*~tactically~*~*~ (hiding).
  4599 | D:6      | 4599 ||| Stepping ~*~*~tactically~*~*~ (hiding).
  4653 | D:6      | 4653 ||| FLEEEEING.
  4654 | D:6      | 4654 ||| FLEEEEING.
  4706 | D:6      | Found a white marble altar of Elyvilon.
  4720 | D:6      | Reached XP level 8. HP: 50/50 MP: 8/8
  4729 | D:6      | Reached skill level 1 in Dodging
  5017 | D:6      | 5017 ||| Stepping ~*~*~tactically~*~*~ (hiding).
  5018 | D:6      | 5018 ||| Stepping ~*~*~tactically~*~*~ (hiding).
  5019 | D:6      | 5019 ||| Stepping ~*~*~tactically~*~*~ (hiding).
  5552 | D:6      | 5552 ||| READING scroll labelled PIMU BEYFAE.
  5616 | D:7      | Noticed qw's ghost (novice MiBe)
  5618 | D:7      | Found a transporter.
  5621 | D:7      | Noticed a wyvern
  5624 | D:7      | Killed a wyvern
  5625 | D:7      | Reached skill level 8 in Axes
  5669 | D:7      | 5669 ||| FLEEEEING.
  5671 | D:7      | 5671 ||| Stepping ~*~*~tactically~*~*~ (stealth).
  5675 | D:7      | Reached XP level 9. HP: 50/54 MP: 9/9
  5750 | D:7      | Reached skill level 6 in Fighting
  5752 | D:7      | Found a transporter.
  6025 | D:7      | Found a shimmering altar of Xom.
  6075 | D:7      | Reached skill level 9 in Axes
  6131 | D:7      | 6131 ||| Stepping ~*~*~tactically~*~*~ (stealth).
  6141 | D:7      | 6141 ||| Stepping ~*~*~tactically~*~*~ (stealth).
  6143 | D:7      | 6143 ||| Stepping ~*~*~tactically~*~*~ (stealth).
  6182 | D:7      | 6182 ||| DROPPING +0 flail.
  6513 | D:8      | Reached skill level 6 in Armour
  6871 | D:8      | Noticed a komodo dragon
  6879 | D:8      | Killed a komodo dragon
  7063 | D:8      | 7063 ||| FLEEEEING.
  7064 | D:8      | 7064 ||| FLEEEEING.
  7065 | D:8      | 7065 ||| FLEEEEING.
  7070 | D:8      | 7070 ||| FLEEEEING.
  7079 | D:8      | 7079 ||| FLEEEEING.
  7080 | D:8      | 7080 ||| FLEEEEING.
  7081 | D:8      | 7081 ||| FLEEEEING.
  7336 | D:9      | Found an iron altar of Okawaru.
  7467 | D:9      | Noticed a hornet
  7482 | D:9      | Killed a hornet
  7483 | D:9      | Reached skill level 10 in Axes
  7483 | D:9      | Reached XP level 10. HP: 34/63 MP: 10/10
  7710 | D:9      | 7710 ||| Stepping ~*~*~tactically~*~*~ (hiding).
  7855 | D:9      | 7855 ||| DRINKING 4 potions of curing.
  7855 | D:9      | 7855 ||| (to cure confusion)
  8521 | D:9      | 8521 ||| UPGRADING to +0 kite shield.
  8531 | D:9      | 8531 ||| DROPPING +0 buckler.
  8579 | D:9      | Became a worshipper of Warmaster Okawaru
  8613 | D:10     | Entered Level 10 of the Dungeon
  8657 | D:10     | 8657 ||| Stepping ~*~*~tactically~*~*~ (stealth).
  8659 | D:10     | 8659 ||| Stepping ~*~*~tactically~*~*~ (stealth).
  8752 | D:10     | Killed an unseen horror
  8942 | D:10     | Found a staircase to the Lair.
  8943 | D:10     | Noticed an elephant
  8946 | D:10     | Reached skill level 6 in Shields
  8955 | D:10     | Killed an elephant
  8956 | D:10     | Reached * piety under Okawaru
  8957 | D:10     | 8957 ||| INVOKING Heroism.
  8958 | D:10     | 8958 ||| INVOKING Heroism.
  8961 | D:10     | Reached skill level 1 in Invocations
  9139 | D:10     | Noticed a two-headed ogre
  9140 | D:10     | 9140 ||| INVOKING Heroism.
  9149 | D:10     | Killed a two-headed ogre
  9295 | D:10     | 9295 ||| INVOKING Heroism.
  9303 | D:10     | Reached skill level 3 in Invocations
  9478 | D:10     | 9478 ||| INVOKING Heroism.
  9482 | D:10     | Identified the +2 robe of the Blushing Gods {Slay+3}
  9490 | D:10     | Reached ** piety under Okawaru
  9493 | D:10     | Reached XP level 11. HP: 38/68 MP: 11/13
  9868 | D:10     | 9868 ||| PLANNING LAIR
  9868 | D:10     | 9868 ||| UPGRADING to +4 ring of slaying {mikee}.
  9869 | D:10     | 9869 ||| READING scroll labelled IPTYJU CYFFE.
  9970 | D:10     | 9970 ||| READING scroll labelled JEREPN YNAUXO.
  9971 | D:10     | 9971 ||| DRINKING 3 purple potions.
 10014 | Lair:1   | Entered Level 1 of the Lair of Beasts
 10031 | Lair:1   | Noticed a six-headed hydra
 10032 | Lair:1   | 10032 ||| INVOKING Heroism.
 10035 | Lair:1   | 10035 ||| SWAPPING to +0 morningstar.
 10046 | Lair:1   | Killed a six-headed hydra
 10047 | Lair:1   | Reached skill level 9 in Shields
 10047 | Lair:1   | 10047 ||| SWAPPING to +0 spectral war axe.
 10152 | Lair:1   | 10152 ||| Stepping ~*~*~tactically~*~*~ (stealth).
 10207 | Lair:1   | 10207 ||| Stepping ~*~*~tactically~*~*~ (stealth).
 10261 | Lair:1   | 10261 ||| Stepping ~*~*~tactically~*~*~ (hiding).
 10378 | Lair:1   | 10378 ||| INVOKING Heroism.
 10437 | Lair:1   | 10437 ||| INVOKING Heroism.
 10443 | Lair:1   | 10443 ||| Stepping ~*~*~tactically~*~*~ (stealth).
 10448 | Lair:1   | Reached *** piety under Okawaru
 10460 | Lair:1   | 10460 ||| Stepping ~*~*~tactically~*~*~ (stealth).
 10461 | Lair:1   | 10461 ||| Stepping ~*~*~tactically~*~*~ (stealth).
 10462 | Lair:1   | 10462 ||| INVOKING Heroism.
 10466 | Lair:1   | Reached skill level 11 in Axes
 10477 | Lair:1   | HP: 17/68 [elephant (2)]
 10478 | Lair:1   | 10478 ||| READING 4 scrolls of teleportation.
 10479 | Lair:1   | 10479 ||| INVOKING Heroism.
 10486 | Lair:1   | HP: 13/68 [elephant (5)]
 10487 | Lair:1   | 10487 ||| READING 3 scrolls of teleportation.
 10488 | Lair:1   | 10488 ||| DRINKING 4 potions of heal wounds.
 10552 | Lair:1   | 10552 ||| INVOKING Heroism.
 10680 | Lair:1   | Reached **** piety under Okawaru
 10783 | Lair:1   | Reached skill level 9 in Fighting
 10789 | Lair:1   | 10789 ||| INVOKING Heroism.
 10825 | Lair:1   | 10825 ||| INVOKING Heroism.
 10899 | Lair:1   | 10899 ||| INVOKING Heroism.
 10981 | Lair:1   | 10981 ||| INVOKING Heroism.
 10990 | Lair:1   | Reached XP level 12. HP: 76/76 MP: 14/16
 10992 | Lair:1   | Reached ***** piety under Okawaru
 10997 | Lair:1   | Reached skill level 6 in Invocations
 11129 | Lair:1   | 11129 ||| Stepping ~*~*~tactically~*~*~ (stealth).
 11215 | Lair:1   | Received a gift from Okawaru
 11273 | Lair:1   | 11273 ||| UPGRADING to +1 pair of gloves of strength.
 11283 | Lair:1   | 11283 ||| DROPPING +2 pair of gloves.
 11284 | Lair:1   | 11284 ||| UPGRADING to ring of protection from fire.
 11285 | Lair:1   | 11285 ||| READING 12 scrolls of identify.
 11285 | Lair:1   | 11285 ||| IDENTIFYING fizzy grey potion
 11351 | Lair:2   | You fall into a shaft and drop 2 floors!
 11467 | Lair:3   | 11467 ||| INVOKING Heroism.
 11832 | Lair:3   | 11832 ||| Stepping ~*~*~tactically~*~*~ (stealth).
 11911 | Lair:3   | 11911 ||| Stepping ~*~*~tactically~*~*~ (stealth).
 11913 | Lair:3   | 11913 ||| Stepping ~*~*~tactically~*~*~ (stealth).
 11916 | Lair:3   | 11916 ||| Stepping ~*~*~tactically~*~*~ (stealth).
 11923 | Lair:3   | Reached skill level 12 in Axes
 11925 | Lair:3   | 11925 ||| READING scroll labelled NYULYM WOLACASK.
 11936 | Lair:3   | 11936 ||| INVOKING Heroism.
 11960 | Lair:2   | Reached skill level 9 in Invocations
 12042 | Lair:2   | Found a staircase to the Snake Pit.
 12082 | Lair:2   | 12082 ||| INVOKING Heroism.
 12239 | Lair:2   | 12239 ||| INVOKING Heroism.
 12327 | Lair:2   | 12327 ||| INVOKING Heroism.
 12540 | Lair:2   | Found a staircase to the Shoals.
 12541 | Lair:2   | 12541 ||| Stepping ~*~*~tactically~*~*~ (hiding).
 12547 | Lair:2   | 12547 ||| INVOKING Heroism.
 12567 | Lair:2   | Reached XP level 13. HP: 82/82 MP: 20/20
 12586 | Lair:2   | 12586 ||| Stepping ~*~*~tactically~*~*~ (hiding).
 12588 | Lair:2   | 12588 ||| Stepping ~*~*~tactically~*~*~ (hiding).
 12592 | Lair:2   | 12592 ||| INVOKING Heroism.
 12620 | Lair:2   | 12620 ||| Stepping ~*~*~tactically~*~*~ (hiding).
 12621 | Lair:2   | 12621 ||| Stepping ~*~*~tactically~*~*~ (hiding).
 12986 | Lair:2   | 12986 ||| READING scroll labelled CEFOHA IMUYLUO.
 13119 | Lair:3   | Reached skill level 9 in Armour
 13179 | Lair:3   | 13179 ||| Stepping ~*~*~tactically~*~*~ (stealth).
 13182 | Lair:3   | 13182 ||| INVOKING Heroism.
 13223 | Lair:3   | 13223 ||| READING scroll of enchant weapon.
 13223 | Lair:3   | 13223 ||| ENCHANTING +0 spectral war axe.
 13337 | Lair:3   | 13337 ||| INVOKING Heroism.
 13338 | Lair:3   | Received a gift from Okawaru
 13367 | Lair:3   | 13367 ||| Stepping ~*~*~tactically~*~*~ (stealth).
 13610 | Lair:3   | 13610 ||| INVOKING Heroism.
 13632 | Lair:3   | 13632 ||| Stepping ~*~*~tactically~*~*~ (stealth).
 13633 | Lair:3   | 13633 ||| Stepping ~*~*~tactically~*~*~ (stealth).
 13634 | Lair:3   | 13634 ||| Stepping ~*~*~tactically~*~*~ (stealth).
 13665 | Lair:3   | 13665 ||| Stepping ~*~*~tactically~*~*~ (stealth).
 13669 | Lair:3   | 13669 ||| Stepping ~*~*~tactically~*~*~ (stealth).
 13691 | Lair:3   | 13691 ||| INVOKING Heroism.
 13713 | Lair:3   | 13713 ||| Stepping ~*~*~tactically~*~*~ (stealth).
 13720 | Lair:3   | 13720 ||| Stepping ~*~*~tactically~*~*~ (stealth).
 13748 | Lair:3   | 13748 ||| Stepping ~*~*~tactically~*~*~ (stealth).
 13749 | Lair:3   | 13749 ||| Stepping ~*~*~tactically~*~*~ (stealth).
 13786 | Lair:3   | 13786 ||| Stepping ~*~*~tactically~*~*~ (stealth).
 13788 | Lair:3   | 13788 ||| Stepping ~*~*~tactically~*~*~ (hiding).
 13789 | Lair:3   | 13789 ||| INVOKING Heroism.
 13877 | Lair:3   | 13877 ||| Stepping ~*~*~tactically~*~*~ (stealth).
 13880 | Lair:3   | 13880 ||| Stepping ~*~*~tactically~*~*~ (stealth).
 13892 | Lair:3   | 13892 ||| Stepping ~*~*~tactically~*~*~ (stealth).
 13893 | Lair:3   | 13893 ||| Stepping ~*~*~tactically~*~*~ (stealth).
 13903 | Lair:3   | 13903 ||| Stepping ~*~*~tactically~*~*~ (stealth).
 13905 | Lair:3   | 13905 ||| INVOKING Heroism.
 13907 | Lair:3   | 13907 ||| Stepping ~*~*~tactically~*~*~ (stealth).
 13915 | Lair:3   | Reached skill level 13 in Axes
 13951 | Lair:3   | 13951 ||| Stepping ~*~*~tactically~*~*~ (stealth).
 13957 | Lair:3   | 13957 ||| Stepping ~*~*~tactically~*~*~ (stealth).
 14185 | Lair:3   | 14185 ||| DROPPING scarf of shadows.
 14506 | Lair:4   | 14506 ||| INVOKING Heroism.
 14508 | Lair:4   | 14508 ||| INVOKING Finesse.
 14553 | Lair:4   | Identified the +6 trident of Nute {freeze, rN+ Dex+5}
 14564 | Lair:4   | 14564 ||| INVOKING Heroism.
 14583 | Lair:4   | 14583 ||| INVOKING Finesse.
 14652 | Lair:4   | 14652 ||| INVOKING Heroism.
 14653 | Lair:4   | 14653 ||| Stepping ~*~*~tactically~*~*~ (stealth).
 14656 | Lair:4   | 14656 ||| INVOKING Finesse.
 14730 | Lair:4   | 14730 ||| INVOKING Heroism.
 14826 | Lair:4   | 14826 ||| INVOKING Heroism.
 14828 | Lair:4   | 14828 ||| INVOKING Finesse.
 14840 | Lair:4   | Reached skill level 14 in Axes
 14868 | Lair:4   | Identified the +0 hat "Ypumnio" {+Inv} (Okawaru gifted it
                  | to you on level 4 of the Lair of Beasts)
 14868 | Lair:4   | Received a gift from Okawaru
 15081 | Lair:4   | Noticed Urug
 15082 | Lair:4   | 15082 ||| INVOKING Heroism.
 15083 | Lair:4   | 15083 ||| INVOKING Finesse.
 15093 | Lair:4   | Killed Urug
 15489 | Lair:4   | 15489 ||| DROPPING +0 hat "Ypumnio" {+Inv}.
 15506 | Lair:5   | Entered Level 5 of the Lair of Beasts
 15509 | Lair:5   | 15509 ||| Stepping ~*~*~tactically~*~*~ (stealth).
 15514 | Lair:5   | 15514 ||| INVOKING Heroism.
 15515 | Lair:5   | 15515 ||| INVOKING Finesse.
 15522 | Lair:5   | Found a viscous altar of Jiyva.
 15522 | Lair:5   | Found a staircase to the Slime Pits.
 15526 | Lair:5   | Reached skill level 3 in Throwing
 15532 | Lair:5   | Gained mutation: Your large and strong wings let you fly.
                  | [Gargoyle growth]
 15532 | Lair:5   | Reached XP level 14. HP: 60/88 MP: 14/21
 15562 | Lair:5   | HP: 16/90 [death yak (9)]
 15563 | Lair:5   | 15563 ||| READING 3 scrolls of teleportation.
 15564 | Lair:5   | 15564 ||| DRINKING 3 potions of heal wounds.
 15774 | Lair:5   | 15774 ||| Stepping ~*~*~tactically~*~*~ (stealth).
 15942 | Lair:5   | 15942 ||| INVOKING Heroism.
 15985 | Lair:5   | 15985 ||| INVOKING Heroism.
 16036 | Lair:5   | 16036 ||| Stepping ~*~*~tactically~*~*~ (stealth).
 16398 | Lair:5   | 16398 ||| INVOKING Heroism.
 16557 | Lair:5   | 16557 ||| Stepping ~*~*~tactically~*~*~ (stealth).
 16568 | Lair:5   | 16568 ||| Stepping ~*~*~tactically~*~*~ (hiding).
 16586 | Lair:5   | Reached skill level 12 in Shields
 16774 | Lair:5   | 16774 ||| READING scroll of enchant weapon.
 16774 | Lair:5   | 16774 ||| ENCHANTING +1 spectral war axe.
 16814 | Lair:5   | 16814 ||| INVOKING Heroism.
 16815 | Lair:5   | 16815 ||| INVOKING Finesse.
 16868 | Lair:5   | 16868 ||| INVOKING Finesse.
 16870 | Lair:5   | 16870 ||| INVOKING Heroism.
 17038 | Lair:5   | 17038 ||| INVOKING Heroism.
 17045 | Lair:5   | Received a gift from Okawaru
 17147 | Lair:5   | 17147 ||| INVOKING Heroism.
 17188 | Lair:5   | 17188 ||| INVOKING Heroism.
 17210 | Lair:5   | 17210 ||| FLEEEEING.
 17211 | Lair:5   | 17211 ||| FLEEEEING.
 17307 | Lair:5   | 17307 ||| FLEEEEING.
 17423 | Lair:5   | 17423 ||| INVOKING Heroism.
 17500 | Lair:5   | 17500 ||| FLEEEEING.
 17606 | Lair:5   | 17606 ||| READING 3 scrolls of teleportation.
 17621 | Lair:5   | 17621 ||| READING 2 scrolls of teleportation.
 17679 | Lair:5   | 17679 ||| READING scroll of teleportation.
 17687 | Lair:5   | 17687 ||| Stepping randomly (stuck).
 17689 | Lair:5   | 17689 ||| Stepping randomly (stuck).
 17690 | Lair:5   | 17690 ||| Stepping randomly (stuck).
 17691 | Lair:5   | 17691 ||| Stepping randomly (stuck).
 17692 | Lair:5   | 17692 ||| Stepping randomly (stuck).
 17693 | Lair:5   | 17693 ||| Stepping randomly (stuck).
 17694 | Lair:5   | 17694 ||| Stepping randomly (stuck).
 17695 | Lair:5   | 17695 ||| Stepping randomly (stuck).
 17696 | Lair:5   | 17696 ||| Stepping randomly (stuck).
 17698 | Lair:5   | 17698 ||| Stepping randomly (stuck).
 17700 | Lair:5   | 17700 ||| Stepping randomly (stuck).
 17702 | Lair:5   | 17702 ||| Stepping randomly (stuck).
 17704 | Lair:5   | 17704 ||| Stepping randomly (stuck).
 17706 | Lair:5   | 17706 ||| Stepping randomly (stuck).
 17708 | Lair:5   | 17708 ||| Stepping randomly (stuck).
 17709 | Lair:5   | 17709 ||| Stepping randomly (stuck).
 17710 | Lair:5   | 17710 ||| Stepping randomly (stuck).
 17711 | Lair:5   | 17711 ||| Stepping randomly (stuck).
 17729 | Lair:5   | 17729 ||| READING scroll of enchant armour.
 17729 | Lair:5   | 17729 ||| ENCHANTING +1 pair of gloves of strength.
 17762 | Lair:5   | Identified the ring of Tuzuudgh {rElec rC+ Slay+4}
 17892 | Lair:5   | 17892 ||| PLANNING D:1-11
 17892 | Lair:5   | 17892 ||| UPGRADING to ring of Tuzuudgh {rElec rC+ Slay+4}.
 17894 | Lair:5   | 17894 ||| UPGRADING to +4 ring of slaying {mikee}.
 18038 | D:11     | Found Zicewu Ecoto's Magic Scroll Boutique.
 18046 | D:11     | 18046 ||| BUYING scroll of acquirement (728 gold).
 18046 | D:11     | Bought a scroll of acquirement for 728 gold pieces
 18046 | D:11     | 18046 ||| BUYING scroll of blinking (105 gold).
 18046 | D:11     | Bought a scroll of blinking for 105 gold pieces
 18046 | D:11     | 18046 ||| SHOPLISTING scroll of enchant armour (105 gold,
                  | have 14).
 18046 | D:11     | 18046 ||| SHOPLISTING scroll of enchant weapon (105 gold,
                  | have 14).
 18046 | D:11     | 18046 ||| SHOPLISTING scroll of teleportation (42 gold,
                  | have 14).
 18046 | D:11     | 18046 ||| READING scroll of acquirement.
 18046 | D:11     | 18046 ||| ACQUIRING 1101 gold pieces
 18046 | D:11     | Acquired 1101 gold pieces
 18048 | D:11     | 18048 ||| BUYING scroll of enchant armour (105 gold).
 18048 | D:11     | Bought a scroll of enchant armour for 105 gold pieces
 18048 | D:11     | 18048 ||| BUYING scroll of enchant weapon (105 gold).
 18048 | D:11     | Bought a scroll of enchant weapon for 105 gold pieces
 18048 | D:11     | 18048 ||| BUYING scroll of teleportation (42 gold).
 18048 | D:11     | Bought a scroll of teleportation for 42 gold pieces
 18048 | D:11     | 18048 ||| READING scroll of enchant armour.
 18048 | D:11     | 18048 ||| ENCHANTING +0 pair of boots.
 18049 | D:11     | 18049 ||| READING scroll of enchant weapon.
 18049 | D:11     | 18049 ||| ENCHANTING +2 spectral war axe.
 18067 | D:11     | 18067 ||| INVOKING Heroism.
 18068 | D:11     | Found a staircase to the Orcish Mines.
 18078 | D:11     | Reached skill level 6 in Throwing
 18091 | D:11     | 18091 ||| READING scroll of enchant armour.
 18091 | D:11     | 18091 ||| ENCHANTING +1 pair of boots.
 18103 | D:11     | 18103 ||| READING scroll of enchant weapon.
 18103 | D:11     | 18103 ||| ENCHANTING +3 spectral war axe.
 18156 | D:11     | 18156 ||| INVOKING Heroism.
 18313 | D:11     | 18313 ||| INVOKING Heroism.
 18314 | D:11     | 18314 ||| INVOKING Finesse.
 18760 | D:11     | 18760 ||| PLANNING D
 18760 | D:11     | 18760 ||| UPGRADING to amulet of the acrobat.
 18765 | D:11     | 18765 ||| DRINKING 2 viscous golden potions.
 18766 | D:11     | 18766 ||| DROPPING potion of degeneration.
 18806 | D:12     | 18806 ||| INVOKING Heroism.
 18807 | D:12     | 18807 ||| INVOKING Finesse.
 18901 | D:12     | 18901 ||| FLEEEEING.
 18902 | D:12     | 18902 ||| FLEEEEING.
 18903 | D:12     | 18903 ||| FLEEEEING.
 18915 | D:12     | 18915 ||| FLEEEEING.
 18980 | D:12     | Noticed Gastronok
 18987 | D:12     | Killed Gastronok
 18987 | D:12     | Received a gift from Okawaru
 19226 | D:12     | 19226 ||| INVOKING Heroism.
 19227 | D:12     | 19227 ||| INVOKING Finesse.
 19236 | D:12     | Reached skill level 15 in Axes
 19333 | D:12     | 19333 ||| INVOKING Heroism.
 19478 | D:12     | Found a portal to a secret trove of treasure.
 19484 | D:12     | Reached XP level 15. HP: 86/96 MP: 22/22
 19557 | D:12     | 19557 ||| INVOKING Heroism.
 19558 | D:12     | 19558 ||| INVOKING Finesse.
 19559 | D:12     | 19559 ||| SWAPPING to +0 morningstar.
 19567 | D:12     | Reached skill level 12 in Fighting
 19567 | D:12     | 19567 ||| SWAPPING to +4 spectral war axe.
 19761 | D:12     | 19761 ||| INVOKING Heroism.
 19767 | D:12     | Received a gift from Okawaru
 19933 | D:12     | 19933 ||| READING scroll of enchant armour.
 19933 | D:12     | 19933 ||| ENCHANTING +0 plate armour.
 20012 | D:12     | 20012 ||| UPGRADING to +1 hat of willpower.
 20017 | D:12     | 20017 ||| DROPPING ring of see invisible.
 20035 | D:13     | Found a frozen archway.
 20039 | D:13     | 20039 ||| INVOKING Heroism.
 20042 | D:13     | 20042 ||| Stepping ~*~*~tactically~*~*~ (stealth).
 20047 | D:13     | 20047 ||| Stepping ~*~*~tactically~*~*~ (stealth).
 20076 | D:13     | 20076 ||| INVOKING Heroism.
 20116 | D:13     | 20116 ||| INVOKING Heroism.
 20161 | D:13     | Found a gate to the Vaults.
 20162 | D:13     | 20162 ||| INVOKING Heroism.
 20423 | D:13     | 20423 ||| Stepping ~*~*~tactically~*~*~ (stealth).
 20424 | D:13     | 20424 ||| Stepping ~*~*~tactically~*~*~ (stealth).
 20425 | D:13     | 20425 ||| Stepping ~*~*~tactically~*~*~ (stealth).
 20532 | D:13     | 20532 ||| INVOKING Heroism.
 20539 | D:13     | Reached skill level 16 in Axes
 20672 | D:13     | 20672 ||| Stepping ~*~*~tactically~*~*~ (stealth).
 20674 | D:13     | 20674 ||| INVOKING Heroism.
 20754 | D:13     | 20754 ||| INVOKING Heroism.
 20755 | D:13     | 20755 ||| INVOKING Finesse.
 20757 | D:13     | 20757 ||| SWAPPING to +0 morningstar.
 20763 | D:13     | Received a gift from Okawaru
 20764 | D:13     | 20764 ||| SWAPPING to +4 spectral war axe.
 20822 | D:13     | 20822 ||| INVOKING Heroism.
 20828 | D:13     | Reached skill level 3 in Dodging
 20978 | D:13     | 20978 ||| Stepping ~*~*~tactically~*~*~ (hiding).
 21353 | D:13     | 21353 ||| DROPPING amulet of faith.
 21354 | D:13     | 21354 ||| UPGRADING to amulet of reflection.
 21364 | D:13     | 21364 ||| DROPPING amulet of the acrobat.
 21365 | D:13     | 21365 ||| DROPPING ring of wizardry.
 21366 | D:13     | 21366 ||| DRINKING 2 white potions.
 21443 | D:14     | 21443 ||| INVOKING Heroism.
 21509 | D:14     | 21509 ||| INVOKING Heroism.
 21545 | D:14     | Identified the +0 chain mail "Teefiyqi" {rN+ Regen+ rCorr}
 21576 | D:14     | Identified the -1 pair of gloves of the Watchman {Drain
                  | Str+3 SInv Stlth+}
 21603 | D:14     | 21603 ||| INVOKING Heroism.
 21625 | D:14     | 21625 ||| Stepping ~*~*~tactically~*~*~ (hiding).
 22171 | D:14     | 22171 ||| Stepping ~*~*~tactically~*~*~ (stealth).
 22173 | D:14     | 22173 ||| Stepping ~*~*~tactically~*~*~ (hiding).
 22187 | D:14     | 22187 ||| Stepping ~*~*~tactically~*~*~ (stealth).
 22195 | D:14     | 22195 ||| INVOKING Heroism.
 22198 | D:14     | Received a gift from Okawaru
 22204 | D:14     | 22204 ||| INVOKING Finesse.
 22206 | D:14     | 22206 ||| SWAPPING to +0 morningstar.
 22208 | D:14     | 22208 ||| Stepping ~*~*~tactically~*~*~ (outnumbered).
 22209 | D:14     | 22209 ||| INVOKING Heroism.
 22217 | D:14     | 22217 ||| Stepping ~*~*~tactically~*~*~ (cloud).
 22218 | D:14     | 22218 ||| SWAPPING to +4 spectral war axe.
 22221 | D:14     | 22221 ||| SWAPPING to +0 morningstar.
 22222 | D:14     | 22222 ||| Stepping ~*~*~tactically~*~*~ (outnumbered).
 22225 | D:14     | 22225 ||| SWAPPING to +4 spectral war axe.
 22276 | D:14     | 22276 ||| Stepping ~*~*~tactically~*~*~ (stealth).
 22277 | D:14     | 22277 ||| Stepping ~*~*~tactically~*~*~ (cloud).
 22280 | D:14     | 22280 ||| Stepping ~*~*~tactically~*~*~ (stealth).
 22336 | D:14     | 22336 ||| Stepping ~*~*~tactically~*~*~ (stealth).
 22337 | D:14     | 22337 ||| Stepping ~*~*~tactically~*~*~ (stealth).
 22364 | D:14     | 22364 ||| INVOKING Heroism.
 22532 | D:14     | Identified the +1 flail of Mandamus {spect, +Blink rElec
                  | rCorr Str+3}
 22533 | D:14     | 22533 ||| Stepping ~*~*~tactically~*~*~ (hiding).
 22662 | D:14     | 22662 ||| DROPPING +0 flail of holy wrath.
 22670 | D:14     | 22670 ||| Stepping ~*~*~tactically~*~*~ (stealth).
 22674 | D:14     | 22674 ||| Stepping ~*~*~tactically~*~*~ (stealth).
 22677 | D:14     | Identified the +3 pair of boots of the Lost Path {rPois
                  | rN++ Slay-4} (Okawaru gifted it to you on level 14 of the
                  | Dungeon)
 22677 | D:14     | Received a gift from Okawaru
 22679 | D:14     | 22679 ||| Stepping ~*~*~tactically~*~*~ (stealth).
 22707 | D:14     | 22707 ||| FLEEEEING.
 22711 | D:14     | 22711 ||| Stepping ~*~*~tactically~*~*~ (hiding).
 22867 | D:14     | 22867 ||| Stepping ~*~*~tactically~*~*~ (hiding).
 22878 | D:14     | 22878 ||| Stepping ~*~*~tactically~*~*~ (stealth).
 23212 | D:14     | 23212 ||| INVOKING Heroism.
 23213 | D:14     | 23213 ||| INVOKING Finesse.
 23215 | D:14     | 23215 ||| SWAPPING to +0 morningstar.
 23222 | D:14     | 23222 ||| SWAPPING to +4 spectral war axe.
 23335 | D:14     | 23335 ||| UPGRADING to -1 pair of gloves of the Watchman
                  | {Drain Str+3 SInv Stlth+}.
 23345 | D:14     | 23345 ||| DROPPING +3 pair of boots of the Lost Path {rPois
                  | rN++ Slay-4}.
 23364 | D:15     | Entered Level 15 of the Dungeon
 23365 | D:15     | 23365 ||| PLANNING GAUNTLET
 23403 | D:15     | 23403 ||| READING 2 scrolls of teleportation.
 23406 | D:15     | Noticed Kirke
 23407 | D:15     | 23407 ||| Stepping ~*~*~tactically~*~*~ (stealth).
 23408 | D:15     | 23408 ||| Stepping ~*~*~tactically~*~*~ (stealth).
 23413 | D:15     | 23413 ||| Stepping ~*~*~tactically~*~*~ (stealth).
 23415 | D:15     | 23415 ||| Stepping ~*~*~tactically~*~*~ (stealth).
 23416 | D:15     | 23416 ||| INVOKING Heroism.
 23417 | D:15     | 23417 ||| INVOKING Finesse.
 23425 | D:15     | Killed Kirke
 23492 | D:15     | Reached XP level 16. HP: 103/103 MP: 23/23
 23496 | D:15     | 23496 ||| READING scroll of enchant weapon.
 23496 | D:15     | 23496 ||| ENCHANTING +4 spectral war axe.
 23501 | D:15     | Found a gate leading to a gauntlet.
 23510 | Gauntlet | Entered a Gauntlet
 23510 | Gauntlet | Found a transporter.
 23517 | Gauntlet | Found a runed translucent door.
 23519 | Gauntlet | Found a transporter.
 23522 | Gauntlet | Found a runed translucent door.
 23536 | Gauntlet | Found a transporter.
 23540 | Gauntlet | Found a transporter.
 23561 | Gauntlet | Found a transporter.
 23574 | Gauntlet | Found a transporter.
 23584 | Gauntlet | Found a large runed translucent door.
 23585 | Gauntlet | Found a large runed translucent door.
 23586 | Gauntlet | Found a large runed translucent door.
 23587 | Gauntlet | Found a runed translucent gate.
 23588 | Gauntlet | Found a transporter.
 23588 | Gauntlet | Found a runed translucent gate.
 23589 | Gauntlet | Found a runed translucent gate.
 23591 | Gauntlet | Found a large runed translucent door.
 23593 | Gauntlet | Found a large runed translucent door.
 23603 | Gauntlet | Found a large runed translucent door.
 23604 | Gauntlet | Found a large runed translucent door.
 23605 | Gauntlet | Found a large runed translucent door.
 23605 | Gauntlet | Found a large runed translucent door.
 23605 | Gauntlet | Found a runed translucent door.
 23606 | Gauntlet | Found a large runed translucent door.
 23607 | Gauntlet | Found a large runed translucent door.
 23617 | Gauntlet | Found a transporter.
 23617 | Gauntlet | Found a transporter.
 23624 | Gauntlet | Found a transporter.
 23644 | Gauntlet | Found the dreamshard necklace {*Dream Drain}
 23650 | Gauntlet | Found a large runed translucent door.
 23651 | Gauntlet | Found a large runed translucent door.
 23652 | Gauntlet | Found a transporter.
 23652 | Gauntlet | Found a large runed translucent door.
 23652 | Gauntlet | Found a large runed translucent door.
 23652 | Gauntlet | Found a runed translucent door.
 23653 | Gauntlet | Found a transporter.
 23653 | Gauntlet | Found a large runed translucent door.
 23767 | Gauntlet | 23767 ||| DROPPING +1 pair of gloves of strength.
 23790 | Gauntlet | 23790 ||| READING scroll of enchant weapon.
 23790 | Gauntlet | 23790 ||| ENCHANTING +5 spectral war axe.
 23797 | Gauntlet | 23797 ||| DROPPING amulet of guardian spirit.
 23811 | Gauntlet | 23811 ||| Stepping ~*~*~tactically~*~*~ (stealth).
 23812 | Gauntlet | 23812 ||| Stepping ~*~*~tactically~*~*~ (stealth).
 23814 | Gauntlet | 23814 ||| INVOKING Heroism.
 23908 | Gauntlet | Identified the ring of Jocsup {rN+ Str+3}
 23923 | Gauntlet | 23923 ||| DROPPING ring of Jocsup {rN+ Str+3}.
 23938 | D:15     | 23938 ||| PLANNING D
 24127 | D:15     | 24127 ||| Stepping ~*~*~tactically~*~*~ (stealth).
 24129 | D:15     | 24129 ||| Stepping ~*~*~tactically~*~*~ (stealth).
 24134 | D:15     | 24134 ||| FLEEEEING.
 24135 | D:15     | 24135 ||| FLEEEEING.
 24136 | D:15     | 24136 ||| FLEEEEING.
 24137 | D:15     | 24137 ||| FLEEEEING.
 24140 | D:15     | 24140 ||| INVOKING Heroism.
 24151 | D:15     | Reached skill level 12 in Armour
 24170 | D:15     | 24170 ||| Stepping ~*~*~tactically~*~*~ (stealth).
 24180 | D:15     | 24180 ||| INVOKING Heroism.
 24498 | D:15     | Noticed Nessos
 24499 | D:15     | 24499 ||| INVOKING Finesse.
 24507 | D:15     | Killed Nessos
 24560 | D:15     | 24560 ||| Stepping ~*~*~tactically~*~*~ (hiding).
 24565 | D:15     | 24565 ||| INVOKING Heroism.
 24568 | D:15     | 24568 ||| Stepping ~*~*~tactically~*~*~ (hiding).
 24683 | D:15     | 24683 ||| READING 3 scrolls of teleportation.
 24739 | D:15     | 24739 ||| Stepping ~*~*~tactically~*~*~ (hiding).
 24740 | D:15     | 24740 ||| INVOKING Heroism.
 24745 | D:15     | 24745 ||| Stepping ~*~*~tactically~*~*~ (hiding).
 24949 | D:15     | 24949 ||| INVOKING Heroism.
 24950 | D:15     | 24950 ||| INVOKING Finesse.
 24997 | D:15     | 24997 ||| Stepping ~*~*~tactically~*~*~ (stealth).
 24998 | D:15     | 24998 ||| Stepping ~*~*~tactically~*~*~ (stealth).
 24999 | D:15     | 24999 ||| Stepping ~*~*~tactically~*~*~ (stealth).
 25057 | D:15     | 25057 ||| Stepping ~*~*~tactically~*~*~ (hiding).
 25441 | D:15     | 25441 ||| Stepping ~*~*~tactically~*~*~ (hiding).
 25551 | D:15     | Found a staircase to the Depths.
 25552 | D:15     | 25552 ||| INVOKING Heroism.
 25553 | D:15     | 25553 ||| Stepping ~*~*~tactically~*~*~ (stealth).
 25580 | D:15     | 25580 ||| PLANNING ORC
 25702 | Orc:1    | Entered Level 1 of the Orcish Mines
 25737 | Orc:1    | 25737 ||| DROPPING +0 morningstar.
 25738 | Orc:1    | 25738 ||| DROPPING +1 flail of Mandamus {spect, +Blink
                  | rElec rCorr Str+3}.
 25839 | Orc:2    | Entered Level 2 of the Orcish Mines
 25840 | Orc:2    | 25840 ||| INVOKING Heroism.
 25980 | Orc:2    | 25980 ||| INVOKING Heroism.
 25989 | Orc:2    | 25989 ||| INVOKING Finesse.
 26110 | Orc:2    | 26110 ||| Stepping ~*~*~tactically~*~*~ (stealth).
 26117 | Orc:2    | 26117 ||| Stepping ~*~*~tactically~*~*~ (stealth).
 26118 | Orc:2    | 26118 ||| Stepping ~*~*~tactically~*~*~ (stealth).
 26120 | Orc:2    | 26120 ||| INVOKING Heroism.
 26126 | Orc:2    | 26126 ||| Stepping ~*~*~tactically~*~*~ (stealth).
 26127 | Orc:2    | 26127 ||| Stepping ~*~*~tactically~*~*~ (stealth).
 26128 | Orc:2    | 26128 ||| Stepping ~*~*~tactically~*~*~ (stealth).
 26154 | Orc:2    | 26154 ||| INVOKING Heroism.
 26165 | Orc:2    | Found Oxuenid's Book Shoppe.
 26218 | Orc:2    | 26218 ||| Stepping ~*~*~tactically~*~*~ (hiding).
 26304 | Orc:2    | 26304 ||| Stepping ~*~*~tactically~*~*~ (stealth).
 26305 | Orc:2    | 26305 ||| Stepping ~*~*~tactically~*~*~ (stealth).
 26324 | Orc:2    | 26324 ||| INVOKING Heroism.
 26352 | Orc:2    | 26352 ||| INVOKING Heroism.
 26365 | Orc:2    | Found Ovvawn's Antique Armour Emporium.
 26379 | Orc:2    | 26379 ||| INVOKING Finesse.
 26440 | Orc:2    | 26440 ||| INVOKING Heroism.
 26473 | Orc:2    | 26473 ||| FLEEEEING.
 26474 | Orc:2    | 26474 ||| FLEEEEING.
 26475 | Orc:2    | 26475 ||| FLEEEEING.
 26476 | Orc:2    | 26476 ||| FLEEEEING.
 26477 | Orc:2    | 26477 ||| FLEEEEING.
 26478 | Orc:2    | 26478 ||| FLEEEEING.
 26479 | Orc:2    | 26479 ||| FLEEEEING.
 26480 | Orc:2    | 26480 ||| FLEEEEING.
 26481 | Orc:2    | 26481 ||| FLEEEEING.
 26482 | Orc:2    | 26482 ||| FLEEEEING.
 26483 | Orc:2    | 26483 ||| FLEEEEING.
 26484 | Orc:2    | 26484 ||| FLEEEEING.
 26485 | Orc:2    | 26485 ||| FLEEEEING.
 26486 | Orc:2    | 26486 ||| FLEEEEING.
 26487 | Orc:2    | 26487 ||| FLEEEEING.
 26488 | Orc:2    | 26488 ||| FLEEEEING.
 26489 | Orc:2    | 26489 ||| FLEEEEING.
 26490 | Orc:2    | 26490 ||| FLEEEEING.
 26491 | Orc:2    | 26491 ||| FLEEEEING.
 26492 | Orc:2    | 26492 ||| FLEEEEING.
 26493 | Orc:2    | 26493 ||| FLEEEEING.
 26494 | Orc:2    | 26494 ||| FLEEEEING.
 26495 | Orc:2    | 26495 ||| FLEEEEING.
 26496 | Orc:2    | 26496 ||| FLEEEEING.
 26497 | Orc:2    | 26497 ||| FLEEEEING.
 26499 | Orc:2    | 26499 ||| FLEEEEING.
 26500 | Orc:2    | 26500 ||| FLEEEEING.
 26539 | Orc:2    | 26539 ||| Stepping ~*~*~tactically~*~*~ (stealth).
 26583 | Orc:2    | 26583 ||| BUYING helmet (108 gold).
 26583 | Orc:2    | Bought a helmet for 108 gold pieces
 26583 | Orc:2    | 26583 ||| BUYING runed cloak (180 gold).
 26583 | Orc:2    | Bought a runed cloak for 180 gold pieces
 26607 | Orc:2    | Found a staircase to the Elven Halls.
 26614 | Orc:2    | Found Kocoec's Antique Weapon Shop.
 26615 | Orc:2    | 26615 ||| Stepping ~*~*~tactically~*~*~ (hiding).
 26617 | Orc:2    | 26617 ||| Stepping ~*~*~tactically~*~*~ (hiding).
 26619 | Orc:2    | 26619 ||| INVOKING Heroism.
 26783 | Orc:2    | Found Jaequso's General Store.
 26792 | Orc:2    | 26792 ||| BUYING scroll of enchant armour (105 gold).
 26792 | Orc:2    | Bought a scroll of enchant armour for 105 gold pieces
 26792 | Orc:2    | 26792 ||| READING scroll of enchant armour.
 26792 | Orc:2    | 26792 ||| ENCHANTING +1 hat of willpower.
 26905 | Orc:2    | 26905 ||| INVOKING Heroism.
 26906 | Orc:2    | Paralysed by an orc sorcerer for 2 turns
 27144 | Orc:2    | 27144 ||| DROPPING +0 helmet.
 27145 | Orc:2    | 27145 ||| UPGRADING to +1 plate armour of cold resistance.
 27155 | Orc:2    | 27155 ||| DROPPING +1 plate armour.
 27192 | Orc:1    | 27192 ||| INVOKING Heroism.
 27508 | Orc:1    | 27508 ||| INVOKING Heroism.
 27509 | Orc:1    | Received a gift from Okawaru
 27655 | Orc:1    | 27655 ||| PLANNING SNAKE:1-3
 27806 | Snake:1  | Entered Level 1 of the Snake Pit
 27832 | Snake:1  | 27832 ||| Stepping ~*~*~tactically~*~*~ (hiding).
 27846 | Snake:1  | Noticed Jorgrun
 27847 | Snake:1  | 27847 ||| INVOKING Heroism.
 27849 | Snake:1  | 27849 ||| INVOKING Finesse.
 27861 | Snake:1  | Killed Jorgrun
 27894 | Snake:1  | 27894 ||| Stepping ~*~*~tactically~*~*~ (stealth).
 27896 | Snake:1  | 27896 ||| Stepping ~*~*~tactically~*~*~ (stealth).
 27976 | Snake:1  | Found Maoj's Armour Shoppe.
 27978 | Snake:1  | 27978 ||| Stepping ~*~*~tactically~*~*~ (hiding).
 27989 | Snake:1  | 27989 ||| Stepping ~*~*~tactically~*~*~ (stealth).
 28086 | Snake:1  | Found Siklo's General Store.
 28102 | Snake:1  | 28102 ||| BUYING potion of haste (200 gold).
 28102 | Snake:1  | Bought a potion of haste for 200 gold pieces
 28102 | Snake:1  | 28102 ||| BUYING potion of might (80 gold).
 28102 | Snake:1  | Bought a potion of might for 80 gold pieces
 28102 | Snake:1  | 28102 ||| BUYING scroll of enchant weapon (150 gold).
 28102 | Snake:1  | Bought a scroll of enchant weapon for 150 gold pieces
 28102 | Snake:1  | 28102 ||| READING scroll of enchant weapon.
 28102 | Snake:1  | 28102 ||| ENCHANTING +6 spectral war axe.
 28171 | Snake:1  | Found Yrohify's Weapon Emporium.
 28217 | Snake:1  | Noticed Nikola
 28218 | Snake:1  | 28218 ||| INVOKING Heroism.
 28219 | Snake:1  | 28219 ||| INVOKING Finesse.
 28235 | Snake:1  | Killed from afar by Nikola

Levels and vault maps discovered:
D:1:      shiori_arrival_oz, layout_loops_ring, serial_shops, shop
D:2:      layout_loops_ring, hellmonk_ecumenical_altar_crossroads,
          item_on_display_a
D:3:      layout_rooms, grunt_gozag_breadcrumbs, kennysheep_generic_room_16
D:4:      layout_rooms, temple_doors_cd
D:5:      layout_basic, amethyst_overflow_temple_binary, roderic_batcave
D:6:      layout_basic, mainiacjoe_overflow_concentric_impassable
D:7:      layout_basic, lemuel_crystal_altar, gammafunk_ghost_arena,
          minmay_misc_feat_more_columns
D:8:      layout_basic
D:9:      layout_roguey, okawaru_ov_weapons_minmay
D:10:     layout_cave_pods, david_lair_generic, kennysheep_dice
D:11:     layout_basic, erik_orc_4, serial_shops, nicolae_square_shop
D:12:     layout_basic, nicolae_trove_entry_path_of_doom, centaur_isle,
          uniq_gastronok
D:13:     layout_roguey, grunt_vaults_entry_tiered,
          portal_ice_cave_entry_ice_simulacra
D:14:     nzn_winding_woodlands_cross [nzn_winding_woodlands_5x15_pockets,
          nzn_winding_woodlands_5x15_river_crossing,
          nzn_winding_woodlands_5x15_zeroes,
          nzn_winding_woodlands_5x15_sidewinder,
          nzn_winding_woodlands_15x15_five_gardens], layout_basic,
          serial_co_window_serial, co_window_paths_b, co_window_corner_a,
          co_window_corner_a, co_window_corner_a, co_window_of_opportunity_a,
          co_window_paths_b, co_window_of_opportunity_a,
          co_window_of_opportunity_a, co_window_of_opportunity_a,
          co_window_broadway_b, co_window_cross_3, co_window_corner_cb,
          co_window_corner_cb, glass_columns_a, glass_columns_a
D:15:     grunt_enter_depths_snipers, layout_basic, gauntlet_entry_generic,
          minmay_diamond_spiral, uniq_kirke, uniq_nessos
Temple:   nicolae_temple_slightly_damp_pantheon
Lair:1:   layout_roguey, special_room [special_room_bee]
Lair:2:   layout_cave_shapes, minmay_shoals_entry_beasts, dummy_snake_entry
Lair:3:   regret_index_combs_of_tragedy, layout_regular_city,
          kennysheep_rathole, grunt_megastairs_1
Lair:4:   layout_regular_city, beast_lair_carwin_10, uniq_urug
Lair:5:   due_jungle_book, layout_loops_ring, nicolae_slime_entry_slimehenge,
          serial_forest, infiniplex_forest_clump_medium,
          infiniplex_forest_clump_small, infiniplex_forest_lined_1,
          infiniplex_forest_clump_tiny, infiniplex_forest_straight_1,
          infiniplex_forest_straight_4, infiniplex_forest_lined_room_2
Snake:1:  layout_onion, st_stairs_2, nicolae_take_the_stairs,
          nicolae_snake_gridmaze_squiggle, minmay_shoptagon, uniq_jorgrun,
          uniq_nikola, uniq_aizul
Orc:1:    layout_caves
Orc:2:    grunt_orc_gardens, layout_caves, grunt_orc_garden, grunt_orc_garden,
          grunt_orc_garden, grunt_orc_garden, basic_altar,
          nicolae_orc_bridge_out

Skill      XL: |  1  2  3  4  5  6  7  8  9 10 11 12 13 14 15 16 |
---------------+-------------------------------------------------+-----
Axes           | 2 3 4 5 6 7 8 10 11 12 14 15 16 | 16.0
Fighting       | 4 5 7 8 9 10 11 12 14 | 14.3
Armour         | 4 5 6 7 8 9 10 11 13 | 13.0
Dodging        | 1 2 3 |  3.2
Throwing       | 2 3 6 7 8 |  8.0
Shields        | 4 8 10 11 12 13 14 | 14.0
Invocations    | 3 5 10 | 10.0

Action                   |  1- 3 |  4- 6 |  7- 9 | 10-12 | 13-15 | 16-18 || total
-------------------------+-------+-------+-------+-------+-------+-------++-------
Melee: War axe           |    65 |    75 |   202 |   411 |   742 |   246 ||  1741
       Morningstar       |       |       |       |    10 |    24 |       ||    34
Throw: Boomerang         |       |       |    55 |    10 |    44 |    20 ||   129
       Javelin           |       |       |       |       |    53 |    57 ||   110
Invok: Heroism           |       |       |       |    20 |    47 |    20 ||    87
       Finesse           |       |       |       |       |    16 |     6 ||    22
  Use: Scroll            |       |     9 |     6 |     6 |    15 |     5 ||    41
       Potion            |       |     3 |     1 |     3 |     3 |       ||    10
 Stab: Distracted        |       |       |       |     2 |    11 |     4 ||    17
Armor: Scale mail        |    26 |       |       |       |       |       ||    26
       Chain mail        |    22 |    18 |       |       |       |       ||    40
       Plate armour      |       |    14 |    96 |   201 |   276 |    53 ||   640
Dodge: Dodged            |    34 |    13 |    61 |   108 |   158 |    36 ||   410
       Repelled          |       |       |       |     2 |     4 |     1 ||     7
Block: Buckler           |    20 |    11 |    26 |     7 |       |       ||    64
       Kite shield       |       |       |       |   171 |   330 |   138 ||   639
       Reflection        |       |       |       |       |    15 |    17 ||    32

Table legend:
 A = Non-vault XP
 B = Vault XP
 C = Vault XP percentage of total XP
 D = Non-vault monster count
 E = Vault monster count
 F = Vault count percentage of total count
                 A         B        C        D         E       F
            +---------+---------+-------+---------+---------+-------
      Total |   94405 |   80740 |  46.1 |     460 |     284 |  38.2
            +---------+---------+-------+---------+---------+-------
        D:1 |      19 |       3 |  13.6 |      12 |       2 |  14.3
        D:2 |      74 |       0 |   0.0 |      12 |       0 |   0.0
        D:3 |      61 |       2 |   3.2 |      22 |       1 |   4.3
        D:4 |     112 |       0 |   0.0 |      13 |       0 |   0.0
        D:5 |     599 |      68 |  10.2 |       8 |       9 |  52.9
        D:6 |     944 |       0 |   0.0 |      22 |       0 |   0.0
        D:7 |    1512 |       0 |   0.0 |      26 |       0 |   0.0
        D:8 |    1001 |       0 |   0.0 |      12 |       0 |   0.0
        D:9 |    1838 |       0 |   0.0 |      22 |       0 |   0.0
       D:10 |    1998 |    1386 |  41.0 |      26 |       7 |  21.2
       D:11 |    1440 |     511 |  26.2 |      11 |      15 |  57.7
       D:12 |    7544 |    3675 |  32.8 |      15 |       8 |  34.8
       D:13 |    7617 |    9003 |  54.2 |      16 |      33 |  67.3
       D:14 |    7510 |   12933 |  63.3 |      21 |      25 |  54.3
       D:15 |   12097 |    8391 |  41.0 |      26 |      10 |  27.8
     Lair:1 |   10279 |    1216 |  10.6 |      37 |      16 |  30.2
     Lair:2 |    7352 |     824 |  10.1 |      30 |       2 |   6.2
     Lair:3 |    3371 |   10132 |  75.0 |      11 |      72 |  86.7
     Lair:4 |    4839 |    5820 |  54.6 |      16 |       9 |  36.0
     Lair:5 |   12281 |   10239 |  45.5 |      28 |      34 |  54.8
    Snake:1 |    5747 |    2857 |  33.2 |      11 |       4 |  26.7
      Orc:1 |    2411 |       0 |   0.0 |      30 |       0 |   0.0
      Orc:2 |    3759 |    9241 |  71.1 |      33 |      27 |  45.0
   Gauntlet |       0 |    4439 | 100.0 |       0 |      10 | 100.0
            +---------+---------+-------+---------+---------+-------
